 Dungeon Crawl Stone Soup version 0.29.0-4-gdea44cf6ec (webtiles) character file.

Game seed: 12747502450336614368

35751 qw the Cleaver (level 13, 0/82 HPs)
             Began as a Gargoyle Fighter on Sept 7, 2022.
             Was an Elder of Okawaru.
             Killed from afar by an oklob plant (36 damage)
             ... with a splash of acid
             ... on level 4 of the Lair of Beasts.
             The game lasted 00:07:11 (18672 turns).

qw the Cleaver (Gargoyle Fighter)                  Turns: 18672, Time: 00:07:12

Health: 0/82       AC: 39    Str: 32    XL:     13   Next: 85%
Magic:  20/20      EV:  8    Int: 11    God:    Okawaru [****..]
Gold:   842        SH: 12    Dex:  9    Spells: 12/12 levels left

rFire   . . .      SeeInvis .   Y - +0 war axe
rCold   . . .      Faith    .   o - +0 kite shield
rNeg    + . .      Spirit   .   l - +8 orange crystal plate armour {Archmagi, Int+3 Clar}
rPois   inf        Reflect  .   g - +2 hat
rElec   +          Harm     .   q - +0 cloak {rPois}
rCorr   .          Rampage  .   s - +2 pair of gloves
Will    +....      Archmagi +   u - +0 pair of boots
Stlth   .......... Clarity  +   (no amulet)
HPRegen 0.23/turn               t - ring of willpower
MPRegen 0.17/turn               p - +6 ring of strength

@: about to teleport, heroic, corroded
A: sickness immunity, AC +9, negative energy resistance 1, electricity
resistance, torment resistance 1, petrification resistance
a: Renounce Religion, Heroism, Finesse


You were on level 4 of the Lair of Beasts.
You worshipped Okawaru.
Okawaru was greatly pleased with you.
You visited 3 branches of the dungeon, and saw 16 of its levels.

You collected 948 gold pieces.
You spent 106 gold pieces at shops.


Innate Abilities, Weirdness & Mutations

You are immune to sickness and miasma.
Your stone body is resilient. (AC +9)
You are immune to poison.
You resist negative energy. (rN+)
You are resistant to electric shocks. (rElec)
You are resistant to unholy torment.
You are immune to petrification.


   Skills:
 - Level 10.0(15.0) Fighting
 - Level 13.3(18.3) Axes
 - Level 1.1(6.1) Throwing
 + Level 11.1(16.1) Armour
 - Level 2.3(7.3) Dodging
 - Level 11.0(16.0) Shields
 - Level 10.0 Invocations


You had 12 spell levels left.
You didn't know any spells.
Your spell library was empty.

Inventory:

Hand Weapons
 k - a +1 demon whip of venom
 Y - a +0 war axe (weapon)
Armour
 g - a +2 hat (worn)
 l - the +8 orange crystal plate armour (worn) {Archmagi, Int+3 Clar}
   (You found it on level 7 of the Dungeon)

   Int:       It affects your intelligence (+3).
   Clar:      It protects you against confusion.
 o - a +0 kite shield (worn)
 q - a +0 cloak of poison resistance (worn)
 s - a +2 pair of gloves (worn)
 u - a +0 pair of boots (worn)
Jewellery
 p - a +6 ring of strength (right hand)
 t - a ring of willpower (left hand)
 v - a ring of resist corrosion
Wands
 b - a wand of digging (8)
Scrolls
 a - 11 scrolls of identify
 m - 8 scrolls of teleportation
Potions
 c - a potion of haste
 d - a potion of might
 f - 6 potions of curing
 h - 4 potions of heal wounds
 j - a potion of attraction
 n - 5 potions of mutation
 r - 3 potions of lignification

Dungeon Overview and Level Annotations

Branches:
Dungeon (11/15)            Temple (1/1) D:6            Lair (4/5) D:11
  Swamp (0/4) Lair:2        Snake (0/4) Lair:2        Slime (0/5) Lair:4
    Orc: D:9-12

Altars:
Ashenzari
Cheibriados
Dithmenos
Elyvilon
Fedhas
Gozag
Hepliaklqana
Kikubaaqudgha
Makhleb
Nemelex Xobeh
Okawaru
Qazlal
Ru
Sif Muna
Trog
Uskayaw
Vehumet
Wu Jian
Xom
Yredelemnul
Zin
The Shining One
Jiyva

Shops:
D:4 *   D:11 :

Annotations:
D:3 Grinder


Message History

The oklob plant spits acid at you. The splash of acid hits you.
The acid corrodes you!
You hit the oklob plant but do no damage.
The oklob plant spits acid at you.
The splash of acid hits you but does no damage.
The acid corrodes you!
You hit the oklob plant but do no damage.
The oklob plant spits acid at you.
The splash of acid hits you but does no damage.
The acid corrodes you!
You slash the oklob plant!
The oklob plant is moderately damaged.
You hit the oklob plant.
The oklob plant is moderately damaged.
You hit the oklob plant but do no damage.
The oklob plant is moderately damaged.
You slash the oklob plant!
The oklob plant is heavily damaged.
You hit the oklob plant.
The oklob plant is heavily damaged.
The oklob plant spits acid at you. The splash of acid hits you.
The acid corrodes you!
You slash the oklob plant!
The oklob plant is severely damaged.
You hit the oklob plant but do no damage.
The oklob plant is severely damaged.
You hit the oklob plant.
The oklob plant is severely damaged.
The oklob plant spits acid at you. The splash of acid hits you.
You hit the oklob plant but do no damage.
The oklob plant is severely damaged.
The oklob plant spits acid at you. The splash of acid hits you!
18672 ||| READING 9 scrolls of teleportation.
As you read the scroll of teleportation, it crumbles to dust.
You feel strangely unstable. The oklob plant spits acid at you.
The splash of acid hits you!!!
You die...

#........##
#..##.....#
#....#....#
#...###...##
#...#.##...#
###
#....####..##
#.# #.....#
#...## ##.
#.....#
##...# #.
##)._@#
##.#########.
##...P#
#..#P##?#...
#.P>.#
#....###....
#.....
##..#.##...#
##..#.#
##..#..####
###.##
#....###.# #
#####.##..
##....
#####...


You could see 2 oklob plants.

Vanquished Creatures
  3 hydras
  A catoblepas (Lair:4)
  3 two-headed ogres
  A death yak (Lair:3)
  Amaemon (Lair:2)
  A bog body (Lair:2)
  7 elephants (Lair:3)
  4 black mambas
  Maurice (D:10)
  An orange demon (Lair:2)
  6 komodo dragons
  A torpor snail (Lair:3)
  7 cane toads
  4 rime drakes
  A polar bear (Lair:1)
  15 blink frogs
  3 shadows
  4 wraiths
  5 wyverns
  42 yaks
  4 basilisks
  2 steam dragons (D:6)
  A naga (Lair:2)
  5 swamp worms
  13 water moccasins
  Pargi (D:3)
  5 sky beasts
  5 orc warriors
  2 ice beasts
  A black bear (D:4)
  2 ogres
  25 wolves
  4 centaurs
  A kobold brigand (D:6)
  A phantom (D:7)
  16 bullfrogs
  2 gnoll sergeants
  5 scorpions
  9 wights
  5 killer bees (D:7)
  An electric eel (Lair:2)
  5 howler monkeys
  A hound (D:7)
  2 jellies (D:5)
  3 orc priests
  5 iguanas
  Ijyb (D:3)
  Terence (D:2)
  Natasha (D:3)
  13 orc wizards
  6 adders
  4 gnolls
  A shadow imp (D:7)
  2 ufetubi
  A worm (D:2)
  A dart slug (D:3)
  20 orcs
  5 ball pythons
  11 endoplasms
  3 giant cockroaches
  7 goblins
  6 hobgoblins
  6 jackals
  2 quokkas
  A bat (D:3)
  4 frilled lizards
  14 kobolds
  6 rats
353 creatures vanquished.

Vanquished Creatures (collateral kills)
  An ufetubus (D:4)
1 creature vanquished.

Vanquished Creatures (others)
  A bush (D:11)
  24 fungi
  32 plants
57 creatures vanquished.

Grand Total: 411 creatures vanquished

Notes
Turn   | Place    | Note
-------+----------+-------------------------------------------
     0 | D:1      | qw the Gargoyle Fighter began the quest for the Orb.
     0 | D:1      | Reached XP level 1. HP: 14/14 MP: 1/1
     0 | D:1      | 0 ||| qw: Version: 0.1-a-108-g9e35731
     0 | D:1      | 0 ||| qw: Game counter: 6426
     0 | D:1      | 0 ||| qw: Always use a shield: true
     0 | D:1      | 0 ||| qw: God list: Okawaru
     0 | D:1      | 0 ||| qw: Allow faded altars: false
     0 | D:1      | 0 ||| qw: Do Orc after D:15 true
     0 | D:1      | 0 ||| qw: Do second Lair branch before Depths: true
     0 | D:1      | 0 ||| qw: Lair rune preference: random
     0 | D:1      | 0 ||| qw: Plans: Normal, Zot, God:TSO, Crypt, Tomb, Zig,
                  | Orb
     0 | D:1      | 0 ||| PLANNING D:1-11
   100 | D:1      | Reached skill level 2 in Axes
   164 | D:1      | 164 ||| Stepping ~*~*~tactically~*~*~ (hiding).
   171 | D:1      | Reached XP level 2. HP: 18/19 MP: 2/2
   302 | D:1      | Reached skill level 3 in Axes
   313 | D:1      | Found a faded altar of an unknown god.
   358 | D:1      | Reached XP level 3. HP: 17/23 MP: 3/3
   528 | D:1      | 528 ||| Stepping ~*~*~tactically~*~*~ (stealth).
   529 | D:1      | 529 ||| Stepping ~*~*~tactically~*~*~ (stealth).
   532 | D:1      | 532 ||| Stepping ~*~*~tactically~*~*~ (stealth).
   533 | D:1      | 533 ||| Stepping ~*~*~tactically~*~*~ (stealth).
   534 | D:1      | 534 ||| Stepping ~*~*~tactically~*~*~ (stealth).
   535 | D:1      | 535 ||| Stepping ~*~*~tactically~*~*~ (stealth).
   573 | D:1      | 573 ||| DROPPING +0 club.
   697 | D:1      | 697 ||| Stepping ~*~*~tactically~*~*~ (stealth).
   698 | D:1      | 698 ||| Stepping ~*~*~tactically~*~*~ (stealth).
   699 | D:1      | 699 ||| Stepping ~*~*~tactically~*~*~ (stealth).
   707 | D:1      | 707 ||| Stepping ~*~*~tactically~*~*~ (stealth).
   708 | D:1      | 708 ||| Stepping ~*~*~tactically~*~*~ (stealth).
   793 | D:1      | 793 ||| UPGRADING to +0 chain mail.
   803 | D:1      | 803 ||| DROPPING +0 scale mail.
   804 | D:1      | 804 ||| UPGRADING to ring of resist corrosion.
   805 | D:1      | 805 ||| READING scroll labelled CAYRGH BOFF.
   806 | D:1      | 806 ||| READING scroll labelled TAWEOT REY.
   807 | D:1      | 807 ||| READING scroll labelled HAPOWK XEAVELA.
   808 | D:1      | 808 ||| DRINKING 3 yellow potions.
   853 | D:2      | Noticed Terence
   854 | D:2      | 854 ||| Stepping ~*~*~tactically~*~*~ (stealth).
   858 | D:2      | 858 ||| Stepping ~*~*~tactically~*~*~ (stealth).
   869 | D:2      | Killed Terence
   870 | D:2      | Reached skill level 4 in Axes
   870 | D:2      | Reached XP level 4. HP: 17/28 MP: 4/4
  1253 | D:2      | 1253 ||| Stepping ~*~*~tactically~*~*~ (stealth).
  1256 | D:2      | 1256 ||| Stepping ~*~*~tactically~*~*~ (stealth).
  1642 | D:2      | 1642 ||| READING scroll labelled VOKHUT DORIOTU.
  1643 | D:2      | 1643 ||| READING 2 scrolls labelled XOBETH HOAMEUDWE.
  1648 | D:2      | 1648 ||| DRINKING 2 emerald potions.
  1752 | D:3      | Found a hide-covered altar of Uskayaw.
  1752 | D:3      | Noticed Ijyb
  1753 | D:3      | 1753 ||| FLEEEEING.
  1755 | D:3      | 1755 ||| FLEEEEING.
  1756 | D:3      | 1756 ||| FLEEEEING.
  1757 | D:3      | 1757 ||| FLEEEEING.
  1758 | D:3      | 1758 ||| FLEEEEING.
  1759 | D:3      | 1759 ||| FLEEEEING.
  1760 | D:3      | 1760 ||| FLEEEEING.
  1765 | D:3      | 1765 ||| FLEEEEING.
  1767 | D:3      | 1767 ||| FLEEEEING.
  1768 | D:3      | 1768 ||| FLEEEEING.
  1770 | D:3      | 1770 ||| FLEEEEING.
  1771 | D:3      | 1771 ||| FLEEEEING.
  1772 | D:3      | 1772 ||| FLEEEEING.
  1773 | D:3      | 1773 ||| FLEEEEING.
  1789 | D:3      | Killed Ijyb
  1790 | D:3      | Reached XP level 5. HP: 20/32 MP: 5/5
  1845 | D:3      | 1845 ||| FLEEEEING.
  1846 | D:3      | 1846 ||| FLEEEEING.
  1847 | D:3      | 1847 ||| FLEEEEING.
  1849 | D:3      | 1849 ||| FLEEEEING.
  1850 | D:3      | 1850 ||| FLEEEEING.
  1851 | D:3      | 1851 ||| FLEEEEING.
  1852 | D:3      | 1852 ||| FLEEEEING.
  1853 | D:3      | 1853 ||| FLEEEEING.
  1854 | D:3      | 1854 ||| FLEEEEING.
  1855 | D:3      | 1855 ||| FLEEEEING.
  1856 | D:3      | 1856 ||| FLEEEEING.
  1857 | D:3      | 1857 ||| FLEEEEING.
  1858 | D:3      | 1858 ||| FLEEEEING.
  1860 | D:3      | 1860 ||| FLEEEEING.
  1861 | D:3      | 1861 ||| FLEEEEING.
  1862 | D:3      | 1862 ||| STAIRDANCE
  1917 | D:3      | Noticed a water moccasin
  1931 | D:3      | Killed a water moccasin
  1932 | D:3      | Reached skill level 5 in Axes
  1932 | D:3      | Reached XP level 6. HP: 11/37 MP: 6/6
  2246 | D:3      | Noticed Natasha
  2247 | D:3      | 2247 ||| Stepping ~*~*~tactically~*~*~ (hiding).
  2249 | D:3      | 2249 ||| Stepping ~*~*~tactically~*~*~ (hiding).
  2255 | D:3      | Killed Natasha
  2453 | D:3      | Noticed Pargi
  2473 | D:3      | Killed Pargi
  2692 | D:3      | 2692 ||| Stepping ~*~*~tactically~*~*~ (hiding).
  2821 | D:3      | 2821 ||| FLEEEEING.
  2823 | D:3      | 2823 ||| FLEEEEING.
  2824 | D:3      | 2824 ||| FLEEEEING.
  2826 | D:3      | 2826 ||| FLEEEEING.
  2827 | D:3      | 2827 ||| FLEEEEING.
  2890 | D:3      | Noticed Grinder
  2897 | D:3      | Paralysed by Grinder for 3 turns
  2902 | D:3      | Paralysed by Grinder for 4 turns
  2905 | D:3      | HP: 9/40 [Grinder (8)]
  2906 | D:3      | 2906 ||| READING 2 scrolls of teleportation.
  3256 | D:3      | 3256 ||| READING 3 scrolls of identify.
  3256 | D:3      | 3256 ||| IDENTIFYING fuming inky potion
  3257 | D:3      | 3257 ||| READING 2 scrolls of identify.
  3257 | D:3      | 3257 ||| IDENTIFYING puce potion
  3258 | D:3      | 3258 ||| DROPPING potion of brilliance.
  3342 | D:4      | Reached skill level 1 in Throwing
  3348 | D:4      | 3348 ||| FLEEEEING.
  3349 | D:4      | 3349 ||| FLEEEEING.
  3350 | D:4      | 3350 ||| FLEEEEING.
  3351 | D:4      | 3351 ||| STAIRDANCE
  3375 | D:3      | 3375 ||| READING 2 scrolls of identify.
  3375 | D:3      | 3375 ||| IDENTIFYING murky white potion
  3376 | D:3      | 3376 ||| DROPPING potion of ambrosia.
  3425 | D:4      | Noticed a black bear
  3426 | D:4      | 3426 ||| Stepping ~*~*~tactically~*~*~ (stealth).
  3438 | D:4      | Killed a black bear
  3439 | D:4      | Reached skill level 6 in Axes
  3439 | D:4      | Reached XP level 7. HP: 24/44 MP: 7/7
  3711 | D:4      | 3711 ||| Stepping ~*~*~tactically~*~*~ (stealth).
  3758 | D:4      | Found Kothridiu's Serpentskin Sales.
  3765 | D:4      | 3765 ||| Stepping ~*~*~tactically~*~*~ (stealth).
  3790 | D:4      | 3790 ||| BUYING +1 mace of venom (106 gold).
  3790 | D:4      | Bought a +1 mace of venom for 106 gold pieces
  3790 | D:4      | 3790 ||| DROPPING +0 whip.
  3796 | D:4      | 3796 ||| Stepping ~*~*~tactically~*~*~ (hiding).
  4020 | D:4      | 4020 ||| Stepping ~*~*~tactically~*~*~ (stealth).
  4050 | D:4      | HP: 11/44 [something (3)]
  4051 | D:4      | 4051 ||| READING 2 scrolls of teleportation.
  4052 | D:4      | 4052 ||| DRINKING 2 potions of heal wounds.
  4054 | D:4      | Reached skill level 1 in Dodging
  4150 | D:4      | 4150 ||| Stepping ~*~*~tactically~*~*~ (stealth).
  4340 | D:4      | Found a broken altar of Ashenzari.
  4400 | D:4      | 4400 ||| UPGRADING to +6 ring of strength.
  4401 | D:4      | 4401 ||| READING scroll labelled SOXAIXK PUHE.
  4402 | D:4      | 4402 ||| READING scroll labelled CAFYGR NUOPUIBAE.
  4403 | D:4      | 4403 ||| READING 5 scrolls of identify.
  4403 | D:4      | 4403 ||| IDENTIFYING fuming amethyst potion
  4404 | D:4      | 4404 ||| DROPPING potion of degeneration.
  4418 | D:4      | 4418 ||| Stepping ~*~*~tactically~*~*~ (stealth).
  4431 | D:5      | Entered Level 5 of the Dungeon
  4470 | D:5      | 4470 ||| Stepping ~*~*~tactically~*~*~ (stealth).
  4691 | D:5      | Reached skill level 7 in Axes
  4804 | D:5      | Reached XP level 8. HP: 46/49 MP: 8/8
  4843 | D:5      | 4843 ||| DROPPING +1 mace of venom.
  4899 | D:5      | 4899 ||| FLEEEEING.
  5093 | D:5      | Found an ornate altar of the Wu Jian Council.
  5120 | D:5      | Found a sacrificial altar of Ru.
  5365 | D:5      | Identified the +8 whip "Cikhenej" {protect, *Rage rN+
                  | rCorr}
  5367 | D:5      | 5367 ||| DROPPING +8 whip "Cikhenej" {protect, *Rage rN+
                  | rCorr}.
  5429 | D:5      | 5429 ||| UPGRADING to +2 hat.
  5434 | D:5      | 5434 ||| UPGRADING to +0 pair of gloves.
  5439 | D:5      | 5439 ||| READING scroll labelled LOSSED GATODD.
  5440 | D:5      | 5440 ||| READING scroll labelled DAERPH UTUIRU.
  5441 | D:5      | 5441 ||| READING scroll labelled DIGGEODGH TOGEPP.
  5442 | D:5      | 5442 ||| READING 6 scrolls of identify.
  5442 | D:5      | 5442 ||| IDENTIFYING sedimented blue potion
  5443 | D:5      | 5443 ||| READING 5 scrolls of identify.
  5443 | D:5      | 5443 ||| IDENTIFYING bubbling yellow potion
  5489 | D:6      | Reached skill level 8 in Axes
  5680 | D:6      | Found a staircase to the Ecumenical Temple.
  5681 | D:6      | 5681 ||| PLANNING TEMPLE
  5686 | Temple   | Entered the Ecumenical Temple
  5709 | Temple   | Became a worshipper of Warmaster Okawaru
  5721 | Temple   | 5721 ||| PLANNING D:1-11
  5810 | D:6      | Reached skill level 6 in Fighting
  6201 | D:6      | Reached XP level 9. HP: 56/56 MP: 9/9
  6210 | D:6      | Reached skill level 9 in Axes
  6853 | D:6      | Reached * piety under Okawaru
  7135 | D:6      | 7135 ||| READING scroll labelled QOAPIULLYIJ.
  7136 | D:6      | 7136 ||| READING 4 scrolls of identify.
  7136 | D:6      | 7136 ||| IDENTIFYING silvery potion
  7137 | D:6      | 7137 ||| DROPPING potion of berserk rage.
  7303 | D:7      | Reached skill level 1 in Invocations
  7373 | D:7      | Found a radiant altar of Vehumet.
  7392 | D:7      | 7392 ||| INVOKING Heroism.
  7598 | D:7      | Reached skill level 3 in Invocations
  7600 | D:7      | 7600 ||| DRINKING 5 potions of curing.
  7600 | D:7      | 7600 ||| (to cure confusion)
  7602 | D:7      | 7602 ||| INVOKING Heroism.
  7626 | D:7      | 7626 ||| FLEEEEING.
  7627 | D:7      | 7627 ||| FLEEEEING.
  7739 | D:7      | Found a stormy altar of Qazlal.
  7845 | D:7      | Found the +8 orange crystal plate armour {Archmagi, Int+3
                  | Clar}
  7888 | D:7      | 7888 ||| Stepping ~*~*~tactically~*~*~ (stealth).
  8031 | D:7      | Found a blossoming altar of Fedhas.
  8126 | D:7      | Found a glowing golden altar of the Shining One.
  8148 | D:7      | Reached ** piety under Okawaru
  8149 | D:7      | Reached skill level 10 in Axes
  8149 | D:7      | Reached XP level 10. HP: 63/63 MP: 13/13
  8271 | D:7      | 8271 ||| Stepping ~*~*~tactically~*~*~ (stealth).
  8303 | D:7      | 8303 ||| UPGRADING to +8 orange crystal plate armour
                  | {Archmagi, Int+3 Clar}.
  8313 | D:7      | 8313 ||| DROPPING +0 chain mail.
  8314 | D:7      | 8314 ||| UPGRADING to +0 kite shield.
  8324 | D:7      | 8324 ||| DROPPING +0 buckler.
  8425 | D:8      | 8425 ||| Stepping ~*~*~tactically~*~*~ (hiding).
  8426 | D:8      | 8426 ||| Stepping ~*~*~tactically~*~*~ (hiding).
  8429 | D:8      | 8429 ||| INVOKING Heroism.
  8436 | D:8      | 8436 ||| Stepping ~*~*~tactically~*~*~ (hiding).
  8437 | D:8      | 8437 ||| Stepping ~*~*~tactically~*~*~ (hiding).
  8453 | D:8      | Reached skill level 6 in Shields
  8457 | D:8      | 8457 ||| INVOKING Heroism.
  8567 | D:8      | 8567 ||| DROPPING +4 whip.
  8571 | D:8      | 8571 ||| DROPPING +0 flail.
  8906 | D:8      | 8906 ||| READING 3 scrolls of identify.
  8906 | D:8      | 8906 ||| IDENTIFYING dark potion
  8944 | D:9      | 8944 ||| Stepping ~*~*~tactically~*~*~ (hiding).
  8945 | D:9      | 8945 ||| INVOKING Heroism.
  8946 | D:9      | 8946 ||| Stepping ~*~*~tactically~*~*~ (hiding).
  8947 | D:9      | 8947 ||| STAIRDANCE
  9112 | D:9      | 9112 ||| STAIRDANCE
  9123 | D:9      | 9123 ||| INVOKING Heroism.
  9242 | D:9      | 9242 ||| INVOKING Heroism.
  9482 | D:9      | 9482 ||| INVOKING Heroism.
  9518 | D:9      | 9518 ||| INVOKING Heroism.
  9601 | D:9      | 9601 ||| INVOKING Heroism.
  9603 | D:9      | 9603 ||| Stepping ~*~*~tactically~*~*~ (stealth).
  9604 | D:9      | 9604 ||| Stepping ~*~*~tactically~*~*~ (stealth).
  9605 | D:9      | 9605 ||| Stepping ~*~*~tactically~*~*~ (stealth).
  9611 | D:9      | 9611 ||| Stepping ~*~*~tactically~*~*~ (stealth).
  9612 | D:9      | 9612 ||| Stepping ~*~*~tactically~*~*~ (stealth).
  9613 | D:9      | 9613 ||| Stepping ~*~*~tactically~*~*~ (stealth).
  9785 | D:9      | Noticed a two-headed ogre
  9786 | D:9      | 9786 ||| INVOKING Heroism.
  9802 | D:9      | Killed a two-headed ogre
  9803 | D:9      | Reached skill level 6 in Armour
 10089 | D:9      | Reached *** piety under Okawaru
 10476 | D:9      | 10476 ||| READING scroll labelled LEUMOU VECWOT.
 10477 | D:9      | 10477 ||| READING scroll labelled FOGOXE OM RICVUF.
 10589 | D:10     | Entered Level 10 of the Dungeon
 10589 | D:10     | Noticed a two-headed ogre
 10590 | D:10     | 10590 ||| INVOKING Heroism.
 10599 | D:10     | Killed a two-headed ogre
 10742 | D:10     | 10742 ||| Stepping ~*~*~tactically~*~*~ (hiding).
 10874 | D:10     | Noticed a two-headed ogre
 10875 | D:10     | 10875 ||| INVOKING Heroism.
 10883 | D:10     | Killed a two-headed ogre
 10884 | D:10     | Reached XP level 11. HP: 64/67 MP: 12/14
 10940 | D:10     | Noticed Maurice
 10941 | D:10     | 10941 ||| Stepping ~*~*~tactically~*~*~ (hiding).
 10946 | D:10     | 10946 ||| Stepping ~*~*~tactically~*~*~ (hiding).
 10947 | D:10     | 10947 ||| Stepping ~*~*~tactically~*~*~ (hiding).
 10948 | D:10     | 10948 ||| Stepping ~*~*~tactically~*~*~ (hiding).
 10956 | D:10     | Killed Maurice
 10957 | D:10     | Reached skill level 9 in Shields
 11286 | D:10     | 11286 ||| INVOKING Heroism.
 11300 | D:10     | Reached **** piety under Okawaru
 11320 | D:10     | 11320 ||| FLEEEEING.
 11321 | D:10     | 11321 ||| FLEEEEING.
 11585 | D:10     | Found a shadowy altar of Dithmenos.
 11837 | D:10     | 11837 ||| UPGRADING to +0 cloak of poison resistance.
 11842 | D:10     | 11842 ||| READING 4 scrolls of identify.
 11842 | D:10     | 11842 ||| IDENTIFYING murky orange potion
 11843 | D:10     | 11843 ||| DROPPING potion of flight.
 11872 | D:11     | 11872 ||| INVOKING Heroism.
 12027 | D:11     | Noticed a six-headed hydra
 12028 | D:11     | 12028 ||| INVOKING Heroism.
 12031 | D:11     | 12031 ||| SWAPPING to +1 flail of protection.
 12041 | D:11     | Killed a six-headed hydra
 12042 | D:11     | 12042 ||| SWAPPING to +0 war axe.
 12339 | D:11     | 12339 ||| Stepping ~*~*~tactically~*~*~ (stealth).
 12343 | D:11     | 12343 ||| INVOKING Heroism.
 12370 | D:11     | Reached skill level 9 in Armour
 12372 | D:11     | 12372 ||| INVOKING Heroism.
 12380 | D:11     | 12380 ||| Stepping ~*~*~tactically~*~*~ (stealth).
 12385 | D:11     | 12385 ||| INVOKING Heroism.
 12389 | D:11     | Reached skill level 6 in Invocations
 12413 | D:11     | 12413 ||| INVOKING Heroism.
 12430 | D:11     | Received a gift from Okawaru
 12449 | D:11     | Found a staircase to the Lair.
 12542 | D:11     | Found Beimiv's Tremendous Tomes.
 12579 | D:11     | 12579 ||| INVOKING Heroism.
 12854 | D:11     | 12854 ||| PLANNING LAIR
 12854 | D:11     | 12854 ||| UPGRADING to +2 pair of gloves.
 12864 | D:11     | 12864 ||| DROPPING +0 pair of gloves.
 12897 | Lair:1   | Entered Level 1 of the Lair of Beasts
 12898 | Lair:1   | 12898 ||| INVOKING Heroism.
 12964 | Lair:1   | 12964 ||| INVOKING Heroism.
 13264 | Lair:1   | 13264 ||| Stepping ~*~*~tactically~*~*~ (hiding).
 13406 | Lair:1   | Reached ***** piety under Okawaru
 13413 | Lair:1   | 13413 ||| INVOKING Heroism.
 13520 | Lair:1   | 13520 ||| Stepping ~*~*~tactically~*~*~ (stealth).
 13522 | Lair:1   | 13522 ||| Stepping ~*~*~tactically~*~*~ (stealth).
 13524 | Lair:1   | 13524 ||| Stepping ~*~*~tactically~*~*~ (stealth).
 13525 | Lair:1   | 13525 ||| INVOKING Heroism.
 13551 | Lair:1   | Reached skill level 11 in Axes
 13551 | Lair:1   | Reached XP level 12. HP: 61/73 MP: 16/18
 13564 | Lair:1   | 13564 ||| INVOKING Heroism.
 13636 | Lair:1   | 13636 ||| Stepping ~*~*~tactically~*~*~ (stealth).
 13648 | Lair:1   | 13648 ||| INVOKING Heroism.
 13778 | Lair:1   | 13778 ||| INVOKING Heroism.
 13885 | Lair:1   | 13885 ||| INVOKING Heroism.
 13899 | Lair:1   | Reached skill level 9 in Invocations
 14227 | Lair:1   | Identified the +1 scale mail of Okawaru, Thieving {Rampage}
                  | (Okawaru gifted it to you on level 1 of the Lair of Beasts)
 14227 | Lair:1   | Received a gift from Okawaru
 14308 | Lair:1   | 14308 ||| INVOKING Heroism.
 14539 | Lair:1   | 14539 ||| INVOKING Heroism.
 14715 | Lair:1   | You fall into a shaft and drop 1 floor!
 14775 | Lair:2   | Noticed Amaemon
 14776 | Lair:2   | 14776 ||| Stepping ~*~*~tactically~*~*~ (hiding).
 14779 | Lair:2   | 14779 ||| INVOKING Heroism.
 14788 | Lair:2   | Noticed a six-headed hydra
 14789 | Lair:2   | 14789 ||| INVOKING Finesse.
 14793 | Lair:2   | Killed Amaemon
 14796 | Lair:2   | 14796 ||| SWAPPING to +1 flail of protection.
 14797 | Lair:2   | 14797 ||| SWAPPING to +0 war axe.
 14798 | Lair:2   | 14798 ||| SWAPPING to +1 flail of protection.
 14811 | Lair:2   | Killed a six-headed hydra
 14812 | Lair:2   | Reached skill level 9 in Fighting
 14812 | Lair:2   | 14812 ||| SWAPPING to +0 war axe.
 14890 | Lair:2   | 14890 ||| DROPPING +1 flail of protection.
 14898 | Lair:2   | 14898 ||| Stepping ~*~*~tactically~*~*~ (hiding).
 14901 | Lair:2   | 14901 ||| Stepping ~*~*~tactically~*~*~ (hiding).
 14902 | Lair:2   | 14902 ||| Stepping ~*~*~tactically~*~*~ (hiding).
 14903 | Lair:2   | 14903 ||| Stepping ~*~*~tactically~*~*~ (hiding).
 14906 | Lair:2   | 14906 ||| INVOKING Heroism.
 15083 | Lair:2   | 15083 ||| STAIRDANCE
 15085 | Lair:1   | 15085 ||| INVOKING Heroism.
 15101 | Lair:2   | 15101 ||| STAIRDANCE
 15133 | Lair:2   | 15133 ||| STAIRDANCE
 15136 | Lair:1   | 15136 ||| INVOKING Heroism.
 15187 | Lair:2   | 15187 ||| Stepping ~*~*~tactically~*~*~ (stealth).
 15215 | Lair:2   | Found a staircase to the Snake Pit.
 15411 | Lair:2   | 15411 ||| INVOKING Heroism.
 15444 | Lair:2   | Reached skill level 12 in Axes
 15444 | Lair:2   | Reached XP level 13. HP: 72/80 MP: 20/20
 15713 | Lair:2   | 15713 ||| Stepping ~*~*~tactically~*~*~ (hiding).
 15722 | Lair:2   | 15722 ||| INVOKING Heroism.
 15730 | Lair:2   | HP: 20/80 [swamp worm (13)]
 15731 | Lair:2   | 15731 ||| READING 10 scrolls of teleportation.
 15732 | Lair:2   | 15732 ||| DRINKING 5 potions of heal wounds.
 15999 | Lair:2   | 15999 ||| INVOKING Heroism.
 16058 | Lair:2   | Found a staircase to the Swamp.
 16061 | Lair:2   | 16061 ||| Stepping ~*~*~tactically~*~*~ (hiding).
 16063 | Lair:2   | 16063 ||| Stepping ~*~*~tactically~*~*~ (hiding).
 16064 | Lair:2   | 16064 ||| INVOKING Heroism.
 16070 | Lair:2   | Received a gift from Okawaru
 16185 | Lair:2   | 16185 ||| DROPPING +0 pair of gloves of strength.
 16186 | Lair:2   | 16186 ||| READING 8 scrolls of identify.
 16186 | Lair:2   | 16186 ||| IDENTIFYING fizzy pink potion
 16202 | Lair:3   | 16202 ||| Stepping ~*~*~tactically~*~*~ (stealth).
 16203 | Lair:3   | 16203 ||| Stepping ~*~*~tactically~*~*~ (stealth).
 16204 | Lair:3   | 16204 ||| Stepping ~*~*~tactically~*~*~ (stealth).
 16210 | Lair:3   | 16210 ||| Stepping ~*~*~tactically~*~*~ (stealth).
 16216 | Lair:3   | 16216 ||| INVOKING Heroism.
 16255 | Lair:3   | 16255 ||| INVOKING Heroism.
 16323 | Lair:3   | 16323 ||| FLEEEEING.
 16324 | Lair:3   | 16324 ||| FLEEEEING.
 16325 | Lair:3   | 16325 ||| STAIRDANCE
 16422 | Lair:3   | 16422 ||| INVOKING Heroism.
 16448 | Lair:3   | 16448 ||| Stepping ~*~*~tactically~*~*~ (stealth).
 16449 | Lair:3   | 16449 ||| Stepping ~*~*~tactically~*~*~ (stealth).
 16462 | Lair:3   | 16462 ||| INVOKING Heroism.
 16470 | Lair:3   | 16470 ||| INVOKING Finesse.
 16503 | Lair:3   | 16503 ||| Stepping ~*~*~tactically~*~*~ (stealth).
 16612 | Lair:3   | 16612 ||| INVOKING Heroism.
 16613 | Lair:3   | 16613 ||| SWAPPING to +1 demon whip of venom.
 16614 | Lair:3   | 16614 ||| INVOKING Finesse.
 16623 | Lair:3   | 16623 ||| SWAPPING to +0 war axe.
 16872 | Lair:3   | 16872 ||| Stepping ~*~*~tactically~*~*~ (stealth).
 16874 | Lair:3   | 16874 ||| Stepping ~*~*~tactically~*~*~ (stealth).
 17124 | Lair:3   | 17124 ||| FLEEEEING.
 17125 | Lair:3   | 17125 ||| FLEEEEING.
 17126 | Lair:3   | 17126 ||| FLEEEEING.
 17127 | Lair:3   | 17127 ||| FLEEEEING.
 17128 | Lair:3   | 17128 ||| FLEEEEING.
 17130 | Lair:3   | 17130 ||| FLEEEEING.
 17132 | Lair:3   | 17132 ||| FLEEEEING.
 17133 | Lair:3   | 17133 ||| FLEEEEING.
 17134 | Lair:3   | 17134 ||| FLEEEEING.
 17135 | Lair:3   | 17135 ||| FLEEEEING.
 17136 | Lair:3   | 17136 ||| FLEEEEING.
 17137 | Lair:3   | 17137 ||| FLEEEEING.
 17138 | Lair:3   | 17138 ||| FLEEEEING.
 17139 | Lair:3   | 17139 ||| FLEEEEING.
 17140 | Lair:3   | 17140 ||| FLEEEEING.
 17141 | Lair:3   | 17141 ||| FLEEEEING.
 17142 | Lair:3   | 17142 ||| FLEEEEING.
 17143 | Lair:3   | 17143 ||| FLEEEEING.
 17144 | Lair:3   | 17144 ||| FLEEEEING.
 17145 | Lair:3   | 17145 ||| STAIRDANCE
 17147 | Lair:2   | 17147 ||| UPGRADING to ring of willpower.
 17151 | Lair:3   | 17151 ||| INVOKING Heroism.
 17261 | Lair:3   | 17261 ||| INVOKING Heroism.
 17791 | Lair:4   | 17791 ||| INVOKING Heroism.
 17892 | Lair:4   | 17892 ||| INVOKING Heroism.
 17924 | Lair:4   | 17924 ||| INVOKING Heroism.
 17942 | Lair:4   | Reached skill level 13 in Axes
 18000 | Lair:4   | 18000 ||| Stepping ~*~*~tactically~*~*~ (hiding).
 18001 | Lair:4   | 18001 ||| Stepping ~*~*~tactically~*~*~ (hiding).
 18008 | Lair:4   | 18008 ||| INVOKING Heroism.
 18034 | Lair:4   | 18034 ||| Stepping ~*~*~tactically~*~*~ (stealth).
 18035 | Lair:4   | 18035 ||| Stepping ~*~*~tactically~*~*~ (stealth).
 18036 | Lair:4   | 18036 ||| Stepping ~*~*~tactically~*~*~ (stealth).
 18037 | Lair:4   | 18037 ||| Stepping ~*~*~tactically~*~*~ (stealth).
 18038 | Lair:4   | 18038 ||| Stepping ~*~*~tactically~*~*~ (stealth).
 18039 | Lair:4   | 18039 ||| INVOKING Heroism.
 18040 | Lair:4   | 18040 ||| Stepping ~*~*~tactically~*~*~ (stealth).
 18165 | Lair:4   | Found a viscous altar of Jiyva.
 18166 | Lair:4   | 18166 ||| INVOKING Heroism.
 18167 | Lair:4   | Found a staircase to the Slime Pits.
 18184 | Lair:4   | 18184 ||| READING 10 scrolls of teleportation.
 18185 | Lair:4   | HP: 11/82 [oklob plant/splash of acid (19)]
 18186 | Lair:4   | 18186 ||| DRINKING 5 potions of heal wounds.
 18188 | Lair:4   | 18188 ||| FLEEEEING.
 18189 | Lair:4   | 18189 ||| FLEEEEING.
 18190 | Lair:4   | 18190 ||| FLEEEEING.
 18191 | Lair:4   | 18191 ||| STAIRDANCE
 18401 | Lair:3   | 18401 ||| UPGRADING to +0 pair of boots.
 18406 | Lair:3   | 18406 ||| READING scroll labelled QEDUC VUNGANTU.
 18652 | Lair:4   | 18652 ||| INVOKING Heroism.
 18660 | Lair:4   | 18660 ||| DRINKING potion of cancellation.
 18672 | Lair:4   | 18672 ||| READING 9 scrolls of teleportation.
 18672 | Lair:4   | Killed from afar by an oklob plant

Levels and vault maps discovered:
D:1:      dpeg_arrival_fog, layout_basic,
          shapermc_ecumenical_altar_starsandcircs, minmay_quantized
D:2:      layout_basic, uniq_terence
D:3:      layout_loops_cross, mainiacjoe_overflow_cross_hatched, uniq_pargi,
          uniq_grinder, uniq_natasha, uniq_ijyb
D:4:      layout_basic, ashenzari_altar_1, serial_rivers,
          chequers_serial_rivers_small_b, chequers_serial_rivers_micro_b,
          chequers_serial_rivers_small_3, chequers_serial_rivers_micro_c,
          guppyfry_shop_venom
D:5:      layout_loops_ring, mainiacjoe_overflow_two_lobes, serial_bayou_pond_b,
          feat_on_display
D:6:      layout_basic, minmay_temple_entry_drinking_statues
D:7:      layout_cave_pools, grunt_qazlal_sundering, vehumet_crystals,
          mainiacjoe_overflow_brackets, minmay_ruined_shrine
D:8:      layout_cave_pools, serial_glass, glass_columns_a, glass_columns_a
D:9:      layout_layer_cave
D:10:     layout_stronghold, nicolae_dithmenos_the_darkroom, uniq_maurice
D:11:     layout_roguey, minmay_lair_entry_grove, nicolae_shop_i_like_big_books
Temple:   nicolae_temple_ecumenical_triangle
Lair:1:   layout_regular_city, worms_lemuel
Lair:2:   layout_big_grid, nicolae_swamp_entry_splash_gauntlet,
          guppyfry_snake_entry_garden, lemuel_fruit_tree, serial_bayou_shore_a,
          infiniplex_staircase_pool, grunt_megastairs_2, uniq_amaemon
Lair:3:   layout_regular_city, enter_volcano_4, serial_bayou_pond_d,
          grunt_megastairs_3
Lair:4:   layout_cave_shapes, minmay_slime_entry_oklob_enclosed

Skill      XL: |  1  2  3  4  5  6  7  8  9 10 11 12 13 |
---------------+----------------------------------------+-----
Axes           | 2 3 4 5 6 7 8 10 11 12 13 | 13.3
Fighting       | 4 5 6 7 8 9 10 | 10.0
Throwing       | 1 |  1.1
Dodging        | 1 2 |  2.3
Armour         | 4 8 9 10 11 | 11.1
Shields        | 4 8 9 10 11 | 11.0
Invocations    | 4 8 10 | 10.0

Action                   |  1- 3 |  4- 6 |  7- 9 | 10-12 | 13-15 || total
-------------------------+-------+-------+-------+-------+-------++-------
Melee: War axe           |    69 |   127 |   336 |   669 |   319 ||  1520
       Flail             |       |       |       |    20 |       ||    20
       Demon whip        |       |       |       |       |     8 ||     8
Throw: Boomerang         |       |     7 |    14 |    23 |       ||    44
Invok: Heroism           |       |       |     2 |    34 |    17 ||    53
       Finesse           |       |       |       |     1 |     2 ||     3
  Use: Scroll            |     3 |     6 |    11 |     4 |     5 ||    29
       Potion            |     1 |     1 |     2 |       |     3 ||     7
Armor: Scale mail        |    22 |       |       |       |       ||    22
       Chain mail        |    12 |    96 |   208 |     4 |       ||   320
       Crystal plate arm |       |       |       |   414 |   228 ||   642
Dodge: Dodged            |    23 |    53 |   112 |   144 |    95 ||   427
Block: Buckler           |    12 |    24 |    64 |     1 |       ||   101
       Kite shield       |       |       |       |   327 |   187 ||   514

Table legend:
 A = Non-vault XP
 B = Vault XP
 C = Vault XP percentage of total XP
 D = Non-vault monster count
 E = Vault monster count
 F = Vault count percentage of total count
                 A         B        C        D         E       F
            +---------+---------+-------+---------+---------+-------
      Total |   40699 |   10375 |  20.3 |     295 |      59 |  16.7
            +---------+---------+-------+---------+---------+-------
        D:1 |      46 |       8 |  14.8 |      20 |       4 |  16.7
        D:2 |      46 |      36 |  43.9 |      18 |       1 |   5.3
        D:3 |     180 |     216 |  54.5 |      13 |       3 |  18.8
        D:4 |     347 |       2 |   0.6 |      12 |       1 |   7.7
        D:5 |     612 |     129 |  17.4 |      17 |       2 |  10.5
        D:6 |    1491 |       0 |   0.0 |      22 |       0 |   0.0
        D:7 |    1067 |     534 |  33.4 |      14 |       8 |  36.4
        D:8 |     970 |       0 |   0.0 |      19 |       0 |   0.0
        D:9 |    2054 |       0 |   0.0 |      20 |       0 |   0.0
       D:10 |    3545 |     469 |  11.7 |      18 |       1 |   5.3
       D:11 |    1799 |    2210 |  55.1 |       9 |      13 |  59.1
     Lair:1 |    8633 |     322 |   3.6 |      37 |       2 |   5.1
     Lair:2 |    3711 |    5459 |  59.5 |      18 |      18 |  50.0
     Lair:3 |   11325 |     990 |   8.0 |      39 |       6 |  13.3
     Lair:4 |    4873 |       0 |   0.0 |      19 |       0 |   0.0
            +---------+---------+-------+---------+---------+-------
